 Seeded DCSS version 0.29-a0-1023-g6ae1a4a2c7 (webtiles) character file.

Game seed: 6155037152212704371 (custom seed)

28 mathmaestro the Grave Robber (level 3, -5/26 HPs)
             Began as a Demonspawn Necromancer on Aug 11, 2022.
             Killed from afar by Sigmund (10 damage)
             ... with a puff of flame
             ... on level 3 of the Dungeon.
             The game lasted 00:02:50 (2215 turns).

mathmaestro the Grave Robber (DsNe)                 Turns: 2215, Time: 00:02:50

Health: -5/26      AC:  5    Str:  8    XL:     3   Next: 0%
Magic:  4/6        EV: 11    Int: 18    God:
Gold:   95         SH:  3    Dex: 13    Spells: 2/6 levels left

rFire   . . .      SeeInvis .   f - +0 dagger (venom)
rCold   . . .      Faith    .   h - +0 buckler
rNeg    . . .      Spirit   .   t - +0 leather armour
rPois   .          Reflect  .   (no helmet)
rElec   .          Harm     .   g - +0 cloak
rCorr   .          Rampage  .   (no gloves)
Will    .....                   v - +0 pair of boots
Stlth   ++........              (no amulet)
HPRegen 0.08/turn               (no ring)
MPRegen 0.20/turn               (no ring)

@: no status effects
A: magic regeneration
a: no special abilities


You were on level 3 of the Dungeon.
You visited 1 branch of the dungeon, and saw 3 of its levels.

You collected 131 gold pieces.
You spent 36 gold pieces at shops.

Inventory:

Hand Weapons
 f - a +0 dagger of venom (weapon)
 r - a +0 dagger of distortion
Armour
 g - a +0 cloak (worn)
 h - a +0 buckler (worn)
 t - a +0 leather armour (worn)
 v - a +0 pair of boots (worn)
Scrolls
 a - a scroll of enchant weapon {unknown}
 d - a scroll of teleportation {unknown}
 i - a scroll of vulnerability {unknown}
 j - a scroll of poison {unknown}
 k - a scroll of fear {unknown}
 l - 2 scrolls of magic mapping {unknown}
 m - a scroll of identify {unknown}
 o - a scroll of amnesia {unknown}
 p - 2 scrolls of silence {unknown}
 w - a scroll of butterflies {unknown}
Potions
 b - 2 potions of magic
 c - a potion of attraction {unknown}
 e - a potion of degeneration {unknown}
 n - 2 potions of haste {unknown}
 q - a potion of brilliance {unknown}
 s - 2 potions of curing
 u - a potion of berserk rage {unknown}


   Skills:
 + Level 1.0 Fighting
 + Level 0.4 Armour
 - Level 2.0 Dodging
 - Level 2.0 Stealth
 + Level 0.4 Shields
 + Level 2.2 Spellcasting
 + Level 4.6 Necromancy


You had 2 spell levels left.
You knew the following spells:

 Your Spells              Type           Power      Damage    Failure   Level
a - Necrotise             Necr           72%        1d7       5%          1
b - Vampiric Draining     Necr           18%        2d7       16%         3

Your spell library contained the following spells:

 Spells                   Type           Power      Damage    Failure   Level
 Magic Dart               Conj           8%         1d3       34%         1
 Summon Small Mammal      Summ           8%         N/A       34%         1
 Call Imp                 Summ           2%         N/A       47%         2
 Animate Dead             Necr           18%        N/A       45%         4
 Call Canine Familiar     Summ           2%         N/A       71%         3
 Mephitic Cloud           Conj/Pois/Air  2%         N/A       71%         3
 Summon Guardian Golem    Hex/Summ       2%         N/A       71%         3
 Agony                    Necr           18%        N/A       82%         5


Dungeon Overview and Level Annotations

Branches:
Dungeon (3/15)

Altars:

Shops:
D:3 !

Annotations:
D:3 Sigmund


Innate Abilities, Weirdness & Mutations

You regenerate magic rapidly.


Message History

Sigmund shouts!
Found a sling.
Sigmund closely misses you.
You hit Sigmund but do no damage.
Sigmund is poisoned.
Sigmund hits you but does no damage.
You closely miss Sigmund. Sigmund closely misses you.
You closely miss Sigmund.
Sigmund is lightly wounded.
Sigmund hits you with a +0 scythe!
You hit Sigmund but do no damage.
Sigmund is lightly wounded.
Your rat skeleton closely misses Sigmund.
Sigmund barely misses you.
You hit Sigmund but do no damage.
Sigmund looks even sicker.
Sigmund is lightly wounded.
Your rat skeleton closely misses Sigmund.
You block Sigmund's attack.
You closely miss Sigmund.
Sigmund is moderately wounded.
Your rat skeleton bites Sigmund but does no damage.
Casting: Necrotise (safe; 5% risk of failure)
Confirm with . or Enter, or press ? or * to list all spells.
The spell is quite dangerous to miscast (16% risk of failure)!
Continue anyway?
Aiming: Vampiric Draining (quite dangerous; 16% risk of failure)
Press: ? - help, Shift-Dir - straight line, f - Sigmund
Aim: Sigmund, wielding a +0 scythe and wearing a +0 robe (moderately wounded, very poisoned, ally target)
You draw life force from Sigmund.
You feel life coursing into your body.
Sigmund casts a spell.
Sigmund flickers and vanishes!
Deactivating autopickup; reactivate with Ctrl-A.
Your rat skeleton closely misses something.
Unknown command.
You miss something. Something hits you!
Your rat skeleton barely misses something.
Something hits you.
* * * LOW HITPOINT WARNING * * *
Your rat skeleton crumbles into dust!
A kobold comes into view. It is wielding a +0 club.
A puff of flame appears from out of thin air!
The puff of flame hits you!
You die...

..# #..# #.#.#.##.#.#
##.....
+######..####.#......#.#
#......
........................
#......
...:.................#
#.##......
.<..............{.##.#
..###.###
..................#
#.###'###
..................#
#..#.....
..................#
#.#.....
................@.#
#.......
.....................#
##......
..................####
#......
...................
##..### ......
.........#. #####..###
...... ............
#......... ......
.......... .. +.........
......
...K.....#.#..#.........
...... ######..##


You could see a kobold (asleep).

Vanquished Creatures
  3 ball pythons
  A bat (D:2)
  2 endoplasms (D:1)
  A giant cockroach (D:1)
  3 goblins
  3 hobgoblins
  4 quokkas
  5 kobolds
  3 rats
25 creatures vanquished.

Notes
Turn   | Place    | Note
-------+----------+-------------------------------------------
     0 | D:1      | mathmaestro the Demonspawn Necromancer began the quest for
                  | the Orb.
     0 | D:1      | Reached XP level 1. HP: 13/13 MP: 3/3
   380 | D:1      | Gained mutation: You regenerate magic rapidly. [demonic
                  | ancestry]
   380 | D:1      | Reached XP level 2. HP: 17/20 MP: 5/5
  1740 | D:3      | Found Zojekus's Distillery.
  1749 | D:3      | Bought a potion of curing for 36 gold pieces
  1802 | D:3      | Found a faded altar of an unknown god.
  1836 | D:3      | Identified the +0 pair of boots of the Flute {Harm *Corrode
                  | rElec Regen+}
  1963 | D:3      | Reached skill level 1 in Fighting
  2185 | D:3      | Reached XP level 3. HP: 26/26 MP: 4/6
  2189 | D:3      | Learned a level 3 spell: Vampiric Draining
  2197 | D:3      | Noticed Sigmund
  2215 | D:3      | Killed from afar by Sigmund

Illustrated notes

Levels and vault maps discovered:
D:1:      amcnicky_arrival_underground_garden, layout_loops_ring
D:2:      layout_loops_cross
D:3:      minmay_spotlight, layout_basic,
          shapermc_ecumenical_altar_starsandcircs, serial_shops, shop,
          uniq_sigmund

Skill      XL: |  1  2 |
---------------+-------+-----
Stealth        | 2 |  2.0
Dodging        | 2 |  2.0
Fighting       | 1 |  1.0
Armour         | |  0.4
Shields        | |  0.4
Spellcasting   | |  2.2
Necromancy     | |  4.6

Action                   || total
-------------------------++-------
Melee: Dagger            ||    47
       Whip              ||     1
 Cast: Necrotise         ||    20
       Vampiric Draining ||     1
 Stab: Sleeping          ||     1
Armor: Robe              ||     6
       Leather armour    ||     4
Dodge: Dodged            ||    24
Block: Buckler           ||     5

Table legend: (Time is in decaauts)
 A = Elapsed time spent in this place.
 B = Non-inter-level travel time spent in this place.
 C = Inter-level travel time spent in this place.
 D = Time resting spent in this place.
 E = Time spent auto-exploring this place.
 F = Levels seen in this place.
 G = Mean time per level.
                   A        B        C        D        E       F      G
               +--------+--------+--------+--------+--------+-----+--------+
         Total |   2214 |   2165 |     49 |     52 |   1744 |   3 |  738.0 |
       Dungeon |   2214 |   2165 |     49 |     52 |   1744 |   3 |  738.0 |
               +--------+--------+--------+--------+--------+-----+--------+

Top non-repeatable levels by time:
     D:2: 891 daAuts
     D:1: 787 daAuts
     D:3: 536 daAuts
